[Event "Rapid del Mercoledì"]
[Site "Chess.com"]
[Date "2020.05.06"]
[Round "5"]
[White "fausto2p"]
[Black "Luca090267"]
[Result "1-0"]
[WhiteElo "1097"]
[BlackElo "1373"]
[TimeControl "720+3"]
[EndTime "13:50:18 PDT"]
[Termination "fausto2p ha vinto per abbandono"]

1. d4 Nf6 2. c4 g6 3. Nc3 Bg7 4. e4 d6 5. f3 O-O 6. Be3 Nc6 7. a3 e5 8. d5 Ne7 9. g4 Nd7 10. Nge2 f5 11. gxf5 gxf5 12. Bg5 fxe4 13. Nxe4 Qe8 14. N2g3 Nf5 15. Nxf5 Rxf5 16. h4 Qf7 17. Be2 Nf6 18.
Rg1 Nxe4 19. fxe4 Rf2 20. Bh6 Rf6 21. Rxg7+ Qxg7 22. Bxg7 Kxg7 23. Qd2 Bd7 24. O-O-O Raf8 25. Qg5+ Kh8 26. Rf1 Rxf1+ 27. Bxf1 Rxf1+ 28. Kc2 Ba4+ 29. Kc3 Rf3+ 30. Kb4 b5 31. cxb5 Bd1 32. Qd8+ Kg7 33. Qxc7+ Kh6 34. Qxd6+ Kg7 35. Qe7+ Kg8 36. Qxe5 Bc2 37.
Qe6+ Kh8 38. e5 Rb3+ 39. Kc5 Rxb2 40. Qf6+ Kg8 41. e6 Rb1 42. Qf7+ 1-0

[Event "Rapid del Mercoledì"]
[Site "Chess.com"]
[Date "2020.05.06"]
[Round "5"]
[White "laremaro"]
[Black "pedrak"]
[Result "1/2-1/2"]
[WhiteElo "1614"]
[BlackElo "1705"]
[TimeControl "720+3"]
[EndTime "13:52:15 PDT"]
[Termination "Partita patta per ripetizione di mosse"]

1. e4 d5 2. Nc3 dxe4 3. Nxe4 Bf5 4. Ng3 Bg6 5. Nf3 c6 6. h4 h6 7. Ne5 Bh7 8. Qh5 g6 9. Qf3 Nf6 10. Qb3 Qd5 11. Qxd5 Nxd5 12. Bc4 e6 13. d4 Nd7 14.
Nxd7 Kxd7 15. c3 Bd6 16. Ne4 Be7 17. Nc5+ Bxc5 18. dxc5 Rhe8 19. Rh3 h5 20. Rf3 Bg8 21. Bd2 Rad8 22. O-O-O Kc8 23. Bg5 Rd7 24. Bb3 f5 25. c4 Nc7 26. Rxd7 Kxd7 27. Rd3+ Kc8 28. Rd6 Na6 29.
Be3 Rd8 30. Rxd8+ Kxd8 31. a3 e5 32. g3 Nc7 33. f3 Ne6 34. Bc2 Bf7 35. b4 f4 36.
gxf4 exf4 37. Bf2 g5 38. hxg5 Ke7 39. g6 Bg8 40. Bh4+ Kf8 41. Kd2 Nd4 42. Be4 Bxc4 43.
Bf6 Ne6 44. Kc3 Be2 45. Bf5 Ng7 46. Be4 Ne6 47. Bf5 Ng7 48. Be4 Ne6 1/2-1/2

[Event "Rapid del Mercoledì"]
[Site "Chess.com"]
[Date "2020.05.06"]
[Round "5"]
[White "GB86_CHESS"]
[Black "BAKR1980"]
[Result "0-1"]
[WhiteElo "1728"]
[BlackElo "1650"]
[TimeControl "720+3"]
[EndTime "13:53:02 PDT"]
[Termination "BAKR1980 ha vinto per abbandono"]

1. e4 e5 2. Nf3 Nc6 3. Bb5 Nf6 4. O-O a6 5. Ba4 b5 6. Bb3 d6 7. d4 Nxe4 8. Re1 f5 9. dxe5 dxe5 10. Qxd8+ Kxd8 11.
Bd5 Bb7 12. Bxc6 Bxc6 13. Nxe5 Be8 14. f3 Bc5+ 15. Be3 Bxe3+ 16. Rxe3 Nd6 17. b3 Kc8 18. Nc3 Kb7 19. Rd1 f4 20. Red3 g5 21. a4 h5 22. Nd5 Rh6 23. c4 bxc4 24. Nxc4 Nxc4 25. bxc4 Bxa4 26. Rb1+ Kc6 27. Ne7+ Kc5 28. Rd5+ Kxc4 29. Rxg5 c6 30. Rf5 Bc2 31. Rxf4+ Kd3 32. Rbb4 c5 33. Rbc4 Re6 34. Rfe4 Rxe4 35. Rxe4 a5 36. Nd5 a4 37. Re3+ Kd2 38. Ra3 Bb3 39. Nb6 Ra6 40. Nd7 c4 41. Kf2 Kc2 42. Ra1 a3 43. Nc5 Ra5 44. Ne6 Kb2 45.
Re1 a2 46. Re2+ Kc1 47. Re1+ Bd1 0-1